 Dungeon Crawl Stone Soup version 0.25.1-1-g288607f5aa (webtiles) character file.

Game seed: 1021989888598044837

159 KleinerIrrer the Skirmisher (level 5, -2/59 HPs)
             Began as an Ogre Hunter on July 24, 2020.
             Slain by an adder (4 damage)
             ... on level 3 of the Dungeon.
             The game lasted 00:07:10 (3189 turns).

KleinerIrrer the Skirmisher (Ogre Hunter)           Turns: 3189, Time: 00:07:10

Health: -2/59      AC: -4    Str: 16    XL:     5   Next: 40%
Magic:  0/5        EV: 10    Int: 12    God:
Gold:   100        SH:  0    Dex: 10    Spells: 4/4 levels left

rFire    + . .     SeeInvis .   a - +1 short sword
rCold    + . .     Gourm    .   (no shield)
rNeg     . . .     Faith    .   b - +0 robe
rPois    +         Spirit   +   (helmet restricted)
rElec    +         Reflect  .   i - +0 cloak
rCorr    +         Harm     .   (gloves unavailable)
MR       +....                  (boots unavailable)
Stlth    +.........             o - amulet of guardian spirit
HPRegen  0.19/turn              h - ring of protection from magic
MPRegen  0.09/turn              (no ring)

@: lethally poisoned (-2 -> -7), resistant, corroded, stab
A: large, unfitting armour, tough skin 1
a: no special abilities


You were on level 3 of the Dungeon.
You were not hungry.

You visited 1 branch of the dungeon, and saw 3 of its levels.

You collected 100 gold pieces.

Inventory:

Hand Weapons
 a - a +1 short sword (weapon)
Missiles
 d - a throwing net (quivered)
 n - 52 stones
 v - 5 javelins
 w - 9 poisoned darts
Armour
 b - a +0 robe (worn)
 i - a +0 cloak (worn)
Jewellery
 h - a ring of protection from magic (left hand)
 o - an amulet of guardian spirit (around neck)
Scrolls
 g - a scroll of enchant weapon
 k - 3 scrolls of remove curse
 l - a scroll of fear {unknown}
 m - a scroll of immolation {unknown}
 r - 2 scrolls of magic mapping {unknown}
 t - a scroll of teleportation {unknown}
 u - 2 scrolls of random uselessness {unknown}
 x - a scroll of fog {unknown}
Potions
 j - a potion of flight
Comestibles
 f - 4 rations
 q - 8 chunks of flesh


   Skills:
 * Level 5.9 Fighting
 - Level 4.0 Throwing
 - Level 3.2 Dodging
 - Level 0.6 Stealth


You had 4 spell levels left.
You didn't know any spells.
Your spell library was empty.

Dungeon Overview and Level Annotations

Branches:
Dungeon (3/15)

Altars:


Innate Abilities, Weirdness & Mutations

You are too large for most types of armour.
You have tough skin. (AC +1)


Message History

Unknown command.
You hit the adder but do no damage.
The adder is moderately wounded.
* * * LOW HITPOINT WARNING * * *
You feel sick. The adder bites you.
* * * LOW HITPOINT WARNING * * *
Unknown command.
You hit the adder but do no damage.
The adder is moderately wounded.
* * * LOW HITPOINT WARNING * * *
You feel sick. The adder bites you.
* * * LOW HITPOINT WARNING * * *
Unknown command.
You hit the adder.
The adder is moderately wounded.
* * * LOW HITPOINT WARNING * * *
You feel sick. The adder bites you.
* * * LOW HITPOINT WARNING * * *
The adder bites you.
You die...

#.# ##..... .#.#
.# #.# ##.)..
...# #.# #s###.#
#.#####..##..
#.....# #.#
#..#.#
#####.#####.#
#...# #.......#
#...#
####....#####...#
#.##....<..##.#
#@#######.## ..
##S## #.# .#
#.S(# ... ..
##..# .#.## #
##.# #.#.# #(# #
#.# #.### ..#
#...# #...#


You could see 2 adders.

Vanquished Creatures
  A jelly (D:3)
  Natasha (D:3)
  4 adders
  2 worms
  An orc (D:3)
  15 giant cockroaches
  10 goblins
  4 hobgoblins
  3 quokkas
  4 bats
  6 frilled lizards
  5 kobolds
  6 rats
62 creatures vanquished.

Notes
Turn   | Place    | Note
-------+----------+-------------------------------------------
     0 | D:1      | KleinerIrrer the Ogre Hunter began the quest for the Orb.
     0 | D:1      | Reached XP level 1. HP: 22/22 MP: 1/1
   142 | D:1      | Reached skill level 3 in Fighting
   480 | D:1      | Reached XP level 2. HP: 31/31 MP: 2/2
  1646 | D:2      | Reached XP level 3. HP: 31/37 MP: 3/3
  2021 | D:2      | Reached skill level 4 in Fighting
  2021 | D:2      | Reached XP level 4. HP: 48/48 MP: 4/4
  3100 | D:3      | Noticed Natasha
  3101 | D:3      | Killed Natasha
  3101 | D:3      | Reached skill level 5 in Fighting
  3101 | D:3      | Reached XP level 5. HP: 57/57 MP: 5/5
  3176 | D:3      | HP: 2/59 [adder (2)]
  3189 | D:3      | HP: 2/59 [adder (1)]
  3189 | D:3      | Slain by an adder

Illustrated notes

Levels and vault maps discovered:
D:1:      mrwooster_arrival_statue_2, layout_basic
D:2:      layout_basic
D:3:      minmay_roachtagon, layout_loops_ring, lemuel_coloured_pillars_altar,
          first_ration, dk_xom_monty_hall, uniq_natasha

Skill      XL: |  1  2  3  4 |
---------------+-------------+-----
Fighting       | 3 4 5 |  5.9
Dodging        | 2 3 |  3.2
Throwing       | |  4.0
Stealth        | |  0.6

Action                   |  1- 3 |  4- 6 || total
-------------------------+-------+-------++-------
Melee: Short sword       |   106 |   113 ||   219
Throw: Large rock        |     5 |     9 ||    14
       Javelin           |     1 |     6 ||     7
       Throwing net      |       |     1 ||     1
  Use: Scroll            |     4 |     1 ||     5
       Potion            |       |     3 ||     3
 Stab: Sleeping          |     1 |     1 ||     2
  Eat: Chunk             |     3 |     4 ||     7
Armor: Robe              |    36 |    34 ||    70
Dodge: Dodged            |    59 |    80 ||   139
